 Dungeon Crawl Stone Soup version 0.29.1-2-gbd0b4ee654 (webtiles) character file.

Game seed: 4370261135743420506

350 qeuew the Shield-Bearer (level 6, -4/32 HPs)
             Began as a Vine Stalker Fighter on Nov 9, 2022.
             Slain by an iguana (5 damage)
             ... on level 5 of the Dungeon.
             The game lasted 00:04:58 (4161 turns).

qeuew the Shield-Bearer (Vine Stalker Fighter)      Turns: 4161, Time: 00:04:58

Health: -4/32      AC:  7    Str: 18    XL:     6   Next: 61%
Magic:  0/10       EV: 10    Int:  8    God:
Gold:   242        SH:  5    Dex: 16    Spells: 9/9 levels left

rFire   . . .      SeeInvis .   a - +0 war axe (venom)
rCold   . . .      Faith    .   c - +0 buckler
rNeg    . . .      Spirit   +   b - +1 scale mail
rPois   .          Reflect  .   (no helmet)
rElec   .          Harm     .   (no cloak)
rCorr   .          Rampage  .   (no gloves)
Will    .....                   (no boots)
Stlth   ..........              (no amulet)
HPRegen 0.90/turn               (no ring)
MPRegen 0.12/turn               (no ring)

@: no status effects
A: fangs 2, regeneration 1, magic shield, antimagic bite, no potion heal 2
a: no special abilities


You were on level 5 of the Dungeon.
You visited 1 branch of the dungeon, and saw 5 of its levels.

You collected 242 gold pieces.

Inventory:

Hand Weapons
 a - a +0 war axe of venom (weapon)
Armour
 b - a +1 scale mail (worn)
 c - a +0 buckler (worn)
Scrolls
 f - a scroll of blinking
 i - 2 scrolls of teleportation
Potions
 d - a potion of might
 e - a potion of flight
 g - a potion of curing
 h - a potion of berserk rage
 l - a potion of haste


   Skills:
 + Level 3.6 Fighting
 + Level 2.8 Axes
 + Level 3.2 Armour
 + Level 2.0 Dodging
 + Level 3.6 Shields
 + Level 2.3 Spellcasting


You had 9 spell levels left.
You didn't know any spells.
Your spell library contained the following spells:

 Spells                   Type           Power      Damage    Failure   Level
 Summon Small Mammal      Summ           0%         N/A       80%         1
 Call Canine Familiar     Summ           0%         N/A       99%         3
 Confusing Touch          Hex            0%         N/A       99%         3
 Inner Flame              Hex/Fire       0%         N/A       99%         3
 Portal Projectile        Hex/Tloc       0%         N/A       99%         3
 Summon Guardian Golem    Hex/Summ       0%         N/A       99%         3
 Tukima's Dance           Hex            0%         N/A       99%         3
 Cause Fear               Hex            0%         N/A       100%        4
 Corpse Rot               Necr/Pois/Air  0%         N/A       100%        4
 Dispel Undead            Necr           0%         3d6       100%        4
 Blade Hands              Tmut           0%         N/A       100%        5
 Yara's Violent Unravell  Hex/Tmut       0%         3d3       100%        5
 Death Channel            Necr           0%         N/A       100%        6
 Enfeeble                 Hex            0%         N/A       100%        7
 Discord                  Hex            0%         N/A       100%        8


Dungeon Overview and Level Annotations

Branches:
Dungeon (5/15)
 Temple: D:4-7

Altars:
Ashenzari
Nemelex Xobeh
Uskayaw
Xom
Zin


Innate Abilities, Weirdness & Mutations

You have extremely sharp teeth.
Your natural rate of healing is unusually fast.
When hurt, damage is shared between your health and your magic reserves.
Your bite disrupts and absorbs the magic of your enemies.
Potions cannot restore your health.


Message History

No target in view!
No target in view!
No target in view!
No target in view!
No target in view!
No target in view!
No target in view!
No target in view!
No target in view!
No target in view!
You see here a scorpion corpse.
A steam dragon comes into view.
Found a stone staircase leading down.
The steam dragon hisses angrily.
A steam dragon is nearby!
A steam dragon is nearby! 2 iguanas come into view.
Found 9 gold pieces.
The iguana hisses angrily. x2
An orc comes into view. It is wielding a +0 falchion.
The steam dragon breathes steam at you. The ball of steam hits you!!
Ouch! That really hurt!
You hear an angry hiss.
The steam dragon closely misses you. The steam dragon barely misses you.
You barely miss the steam dragon. You bite the steam dragon.
You drain its power.
You feel invigorated.
The steam dragon is lightly wounded.
You slash the iguana!
The iguana is poisoned.
You are engulfed in a cloud of scalding steam.
The iguana is engulfed in a cloud of scalding steam.
You block the iguana's attack. The steam dragon breathes steam at you.
The ball of steam hits you!
* * * LOW HITPOINT WARNING * * *
The steam dragon bites you.
* * * LOW HITPOINT WARNING * * *
The steam dragon claws you but does no damage.
The iguana bites you.
You die...

#........ #######
#######.#####.#
.......
..............#
.......
#######.#######
..^....#########.#
.........§.......#
.#.#..§.§#######.#
...>..ll## ###
.#.#o.D@#
.......## .......
..$.... #######


You could see a steam dragon (catching breath), 2 iguanas and an orc.

Vanquished Creatures
  A necrophage (D:4)
  A scorpion (D:5)
  2 hounds (D:4)
  3 gnolls (D:3)
  5 adders
  A dart slug (D:3)
  5 orcs
  10 ball pythons
  6 bats
  11 endoplasms
  4 giant cockroaches
  8 goblins
  7 hobgoblins
  2 jackals (D:4)
  3 quokkas (D:3)
  5 frilled lizards
  10 kobolds
  3 rats
87 creatures vanquished.

Notes
Turn   | Place    | Note
-------+----------+-------------------------------------------
     0 | D:1      | qeuew the Vine Stalker Fighter began the quest for the Orb.
     0 | D:1      | Reached XP level 1. HP: 11/11 MP: 2/2
   213 | D:1      | Reached XP level 2. HP: 16/16 MP: 3/3
   977 | D:1      | Reached XP level 3. HP: 17/19 MP: 5/5
  1025 | D:1      | Found a faded altar of an unknown god.
  1536 | D:2      | Reached skill level 1 in Spellcasting
  1720 | D:2      | Reached skill level 1 in Dodging
  1729 | D:2      | Gained mutation: Your natural rate of healing is unusually
                  | fast. [Vine Stalker growth]
  1729 | D:2      | Reached XP level 4. HP: 24/24 MP: 4/6
  1798 | D:2      | Identified the +1 robe of Analysis {rPois Str+4 Dex+4}
  2670 | D:3      | Reached XP level 5. HP: 24/28 MP: 6/8
  3198 | D:3      | Found a broken altar of Ashenzari.
  3311 | D:4      | Reached XP level 6. HP: 31/32 MP: 7/10
  3343 | D:4      | Found a hide-covered altar of Uskayaw.
  3491 | D:4      | Found a shimmering altar of Xom.
  3491 | D:4      | Found a glowing silver altar of Zin.
  3491 | D:4      | Noticed an angel
  3851 | D:4      | Found a sparkling altar of Nemelex Xobeh.
  4124 | D:5      | Entered Level 5 of the Dungeon
  4156 | D:5      | Noticed a steam dragon
  4161 | D:5      | HP: 1/32 [steam dragon (4)]
  4161 | D:5      | Slain by an iguana

Illustrated notes

Levels and vault maps discovered:
D:1:      minmay_arrival_stone_box, layout_basic, basic_ecumenical_altar,
          minmay_tiny_reverse_x
D:2:      layout_loops_corners, minivault_4
D:3:      layout_basic, lemuel_coloured_pillars_altar,
          hangedman_abyss_or_decor_stabs
D:4:      layout_basic, grunt_temple_overflow_order_and_chaos_1,
          mainiacjoe_overflow_paths, nicolae_uskayaw_dance_hall, st_stairs_2
D:5:      layout_basic, mainiacjoe_overflow_surrounded_room,
          mainiacjoe_overflow_24_doors, st_stairs_2, kennysheep_flooded_box

Skill      XL: |  1  2  3  4  5  6 |
---------------+-------------------+-----
Axes           | 2 |  2.8
Fighting       | 3 |  3.6
Spellcasting   | 1 2 |  2.3
Dodging        | 1 2 |  2.0
Shields        | 3 |  3.6
Armour         | 3 |  3.2

Action                   |  1- 3 |  4- 6 || total
-------------------------+-------+-------++-------
Melee: War axe           |    60 |   100 ||   160
       Bite              |     8 |    23 ||    31
  Use: Potion            |     2 |     4 ||     6
       Scroll            |       |     9 ||     9
Armor: Scale mail        |    28 |    44 ||    72
Dodge: Dodged            |    22 |    56 ||    78
Block: Buckler           |     9 |    22 ||    31
